 Dungeon Crawl Stone Soup version 0.26-a0-1101-g8f9f7f7418 (webtiles) character file.

Game seed: 13643642722877909720

994 tilp the Changer (level 8, -14/48 (50) HPs)
             Began as an Octopode Transmuter on Dec 15, 2020.
             Was an Initiate of Ru.
             Demolished by an orc warrior
             ... wielding a +0 halberd
              (18 damage)
             ... on level 6 of the Dungeon.
             The game lasted 00:10:41 (8500 turns).

tilp the Changer (Octopode Transmuter)              Turns: 8500, Time: 00:10:41

HP:   -14/48 (50)   AC:  1    Str:  9    XL:     8   Next: 19%
MP:   13/14         EV: 13    Int: 18    God:    Ru [......]
Gold: 174           SH:  0    Dex: 12    Spells: 9/15 levels left

rFire    . . .     SeeInvis .     - Unarmed
rCold    . . .     Faith    .   (no shield)
rNeg     + . .     Spirit   .   (helmet restricted)
rPois    .         Reflect  .   (no amulet)
rElec    .         Harm     .   q - ring of positive energy
rCorr    .         Rampage  .   (no ring)
Will     .....                  (no ring)
Stlth    +++.......             (no ring)
HPRegen  0.16/turn              (no ring)
MPRegen  0.14/turn              (no ring)
                                (no ring)
                                (no ring)

@: wereblooded, lightly drained
A: almost no armour, stealthy swim, amphibious, 8 rings, constrict 8, camouflage
1, gelatinous body 1
a: Renounce Religion


You were on level 6 of the Dungeon.
You worshipped Ru.
Ru was noncommittal.
You visited 2 branches of the dungeon, and saw 7 of its levels.

You collected 317 gold pieces.
You spent 143 gold pieces at shops.

Inventory:

Missiles
 b - 177 stones
 e - 10 boomerangs (quivered)
 k - a curare-tipped dart
 o - 11 poisoned darts
 t - 2 silver javelins
 A - 3 javelins
Armour
 m - a +0 buckler
Jewellery
 q - a ring of positive energy (left tentacle)
Wands
 p - a wand of polymorph (9)
 v - a wand of random effects (44)
 y - a wand of iceblast (7)
Scrolls
 g - 3 scrolls of fear
 h - 2 scrolls of blinking
 i - 5 scrolls of teleportation
 j - a scroll of fog {unknown}
 u - a scroll of noise {unknown}
 w - a scroll of immolation {unknown}
 x - a scroll of remove curse
 z - 2 scrolls of magic mapping {unknown}
Potions
 a - 3 potions of curing
 c - a potion of cancellation {unknown}
 f - 3 potions of might
 l - 2 potions of attraction
 n - a potion of flight {unknown}
 r - 2 potions of degeneration {unknown}
 s - 2 potions of magic {unknown}
 B - a potion of mutation {unknown}


   Skills:
 - Level 2.0 Fighting
 - Level 2.0 Dodging
 - Level 4.0 Stealth
 + Level 1.9 Shields
 + Level 3.7 Unarmed Combat
 - Level 4.0 Spellcasting
 + Level 6.4 Transmutations
 - Level 2.0 Poison Magic
 + Level 2.1 Evocations


You had 9 spell levels left.
You knew the following spells:

 Your Spells              Type           Power        Failure   Level
a - Beastly Appendage     Tmut           ####..       1%          1
b - Wereblood             Tmut           ####....     1%          2
c - Spider Form           Tmut/Pois      ###.......   8%          3

Your spell library contained the following spells:

 Spells                   Type           Power        Failure   Level
 Blade Hands              Tmut           ####......   28%         5
 Ice Form                 Ice/Tmut       ###.....     36%         4


Dungeon Overview and Level Annotations

Branches:
Dungeon (6/15)             Temple (1/1) D:6

Altars:
Ashenzari
Cheibriados
Dithmenos
Elyvilon
Fedhas
Gozag
Hepliaklqana
Kikubaaqudgha
Makhleb
Nemelex Xobeh
Okawaru
Qazlal
Ru
Sif Muna
Trog
Uskayaw
Vehumet
Wu Jian
Yredelemnul
Zin
The Shining One

Shops:
D:5 *

Annotations:
D:3 exclusion: giant cockroach, Sigmund


Innate Abilities, Weirdness & Mutations

You cannot wear most types of armour.
You are very stealthy in the water. (Stealth+)
You are amphibious.
You can wear up to eight rings at the same time.
You can use your tentacles to constrict eight enemies at once.
Your skin changes colour to match your surroundings (Stealth+).
Your rubbery body absorbs attacks. (AC +1, EV +1)


Message History

* * * LOW HITPOINT WARNING * * *
You barely miss the orc. You grab the orc.
You constrict the orc warrior, but do no damage.
You constrict the orc.
The orc warrior hits you with a +0 halberd!
* * * LOW HITPOINT WARNING * * *
You tentacle-slap the orc.
The orc is heavily wounded.
You constrict the orc warrior. You constrict the orc. The orc misses you.
The orc warrior closely misses you.
You tentacle-slap the orc but do no damage.
The orc is severely wounded.
You constrict the orc warrior. You constrict the orc.
You kill the orc!
You tentacle-slap the orc warrior but do no damage.
The orc warrior is heavily wounded.
Your tentacle spike disappears.
You constrict the orc warrior.
The orc warrior hits you with a +0 halberd!!
You die...

######.#.###.#.#.......'.....###'
# #.#.....#..########.....##.. #
#.#.....................##..
######........#.########.###.##..
.....)........[.)..)..<.)# #.#...
......#######.#.#.#####..###.#...
......#8..#...................>..
####..#_............####+#####...
# #...#8..#....o@..## ......†.. #
#...#####...#)#..# .####... #
#.........[.#.#..# #... #
#...........#.#### .. #.#'
#...........#..)...# .. #.#.
#####.#######.#........ #.##.#.
.###...### #.#........ ..#.#.
.#E#...#E# #.#........ #.#.#.
.###...#### #.#(....... #.#.#.


You could see an orc warrior.

Vanquished Creatures
  3 ogres (D:4)
  A bullfrog (D:6)
  5 wights (D:6)
  A centaur zombie (D:5)
  2 orc priests (D:6)
  Jessica (D:2)
  2 iguanas
  Natasha (thrice) (D:2)
  An orc wizard (D:6)
  8 adders
  A shadow imp (D:5)
  2 ufetubi (D:5)
  2 oozes
  2 worms (D:3)
  A dart slug (D:2)
  2 leopard geckos
  12 orcs
  2 giant cockroaches
  4 goblins
  7 hobgoblins
  12 jackals
  4 quokkas
  12 bats
  4 frilled lizards
  A jackal skeleton (D:5)
  5 kobolds
  A leopard gecko skeleton (D:5)
  4 rats
105 creatures vanquished.

Notes
Turn   | Place    | Note
-------+----------+-------------------------------------------
     0 | D:1      | tilp the Octopode Transmuter began the quest for the Orb.
     0 | D:1      | Reached XP level 1. HP: 13/13 MP: 3/3
   451 | D:1      | Reached XP level 2. HP: 15/18 MP: 1/5
   460 | D:1      | Reached skill level 3 in Transmutations
  1175 | D:2      | Reached XP level 3. HP: 23/23 MP: 6/6
  1178 | D:2      | Learned a level 2 spell: Wereblood
  1204 | D:2      | Noticed Natasha
  1215 | D:2      | Killed Natasha
  1216 | D:2      | Reached skill level 4 in Transmutations
  1528 | D:2      | Reached skill level 1 in Stealth
  1528 | D:2      | Reached XP level 4. HP: 26/28 MP: 5/7
  1871 | D:2      | Found an iron altar of Okawaru.
  1890 | D:2      | Noticed Natasha
  1898 | D:2      | Killed Natasha
  2438 | D:2      | Noticed Natasha
  2447 | D:2      | Killed Natasha
  2448 | D:2      | Reached XP level 5. HP: 15/34 MP: 6/8
  2906 | D:2      | Learned a level 3 spell: Spider Form
  2995 | D:3      | Noticed Jessica
  3314 | D:2      | Killed Jessica
  3697 | D:3      | Reached skill level 1 in Poison Magic
  4478 | D:3      | Noticed Sigmund
  4730 | D:4      | Noticed an ogre
  4741 | D:4      | Killed an ogre
  4742 | D:4      | Reached XP level 6. HP: 39/39 MP: 8/10
  5190 | D:4      | Found a shadowy altar of Dithmenos.
  5321 | D:4      | Reached skill level 5 in Transmutations
  5321 | D:4      | Reached XP level 7. HP: 43/45 MP: 9/12
  5644 | D:5      | Entered Level 5 of the Dungeon
  5675 | D:5      | Found a white marble altar of Elyvilon.
  6472 | D:5      | Found Vaajua's General Store.
  6480 | D:5      | Bought a wand of iceblast (7) for 143 gold pieces
  6535 | D:5      | Found a glowing golden altar of the Shining One.
  6682 | D:6      | Found a staircase to the Ecumenical Temple.
  6689 | Temple   | Entered the Ecumenical Temple
  7150 | Temple   | Became a worshipper of Ru the Awakened
  7221 | D:6      | Found a sparkling altar of Nemelex Xobeh.
  7243 | D:6      | Reached skill level 6 in Transmutations
  7381 | D:6      | Reached skill level 1 in Evocations
  7672 | D:6      | Found an opulent altar of Gozag.
  7723 | D:6      | Reached skill level 1 in Shields
  8020 | D:6      | Reached XP level 8. HP: 42/50 MP: 12/14
  8385 | D:6      | Found a stormy altar of Qazlal.
  8388 | D:6      | Noticed an air elemental
  8389 | D:6      | Noticed a water elemental
  8500 | D:6      | Demolished by an orc warrior

Illustrated notes

Levels and vault maps discovered:
D:1:      dpeg_arrival_signposts, layout_loops_ring, kennysheep_another_room
D:2:      layout_loops_ring, lemuel_doored_altar, uniq_natasha
D:3:      layout_rooms, uniq_jessica, uniq_sigmund
D:4:      layout_cave_pods, lemuel_coloured_pillars_altar
D:5:      layout_cave_pools, tso_metal_star, serial_shops,
          nicolae_shop_behind_doors, elyvilon_altar_1
D:6:      layout_basic, nicolae_qazlal_style_of_elements,
          nemelex_xobeh_ov_fountains_minmay, grunt_gozag_breadcrumbs,
          minmay_temple_entry_wispy
Temple:   eino_temple_water

Skill      XL: |  1  2  3  4  5  6  7  8 |
---------------+-------------------------+-----
Transmutations | 3 4 5 6 |  6.4
Stealth        | 1 3 4 |  4.0
Fighting       | 2 |  2.0
Poison Magic   | 2 |  2.0
Spellcasting   | 3 4 |  4.0
Evocations     | 1 2 |  2.1
Shields        | 1 |  1.9
Dodging        | |  2.0
Unarmed Combat | |  3.7

Action                   |  1- 3 |  4- 6 |  7- 9 || total
-------------------------+-------+-------+-------++-------
Melee: Unarmed           |    58 |   108 |   127 ||   293
       Constrict         |    19 |    28 |    35 ||    82
       Kick              |    14 |    28 |    30 ||    72
       Tentacles         |     5 |    20 |    19 ||    44
       Punch             |     3 |     2 |     2 ||     7
Throw: Stone             |     4 |     4 |       ||     8
       Dart              |       |    15 |    10 ||    25
       Boomerang         |       |       |    29 ||    29
       Javelin           |       |       |     5 ||     5
 Cast: Beastly Appendage |    21 |    28 |    19 ||    68
       Wereblood         |       |       |     2 ||     2
  Use: Scroll            |       |     2 |     8 ||    10
       Potion            |       |       |     4 ||     4
 Stab: Sleeping          |     1 |     3 |     6 ||    10
Armor: Skin              |     9 |     3 |     6 ||    18
Dodge: Dodged            |    38 |    82 |   105 ||   225

Table legend: (Time is in decaauts)
 A = Elapsed time spent in this place.
 B = Non-inter-level travel time spent in this place.
 C = Inter-level travel time spent in this place.
 D = Time resting spent in this place.
 E = Time spent auto-exploring this place.
 F = Levels seen in this place.
 G = Mean time per level.
                   A        B        C        D        E       F      G
               +--------+--------+--------+--------+--------+-----+--------+
         Total |   8517 |   8133 |    384 |   3201 |   3880 |   7 | 1216.7 |
       Dungeon |   8045 |   7707 |    338 |   3201 |   3456 |   6 | 1340.8 |
        Temple |    471 |    425 |     46 |      0 |    424 |   1 |  471.0 |
               +--------+--------+--------+--------+--------+-----+--------+

Top non-repeatable levels by time:
     D:2: 2975 daAuts
     D:1: 1143 daAuts
     D:6: 1136 daAuts
     D:4: 1114 daAuts
     D:5: 1093 daAuts
     D:3: 583 daAuts
  Temple: 471 daAuts
